AoeStats
← warwick

Arena

510287437Analyzed
1v1 RM · 2d ago on Sep 30, 2026· 57m 58s· 2 players
Game mode
Random Map
Map size
Tiny (2 player)
Population
200
Speed
Normal
Resources
Standard
Victory
Conquest
Starting age
Dark Age
Ending age
Imperial Age
RankedLock teamsTeams togetherTeam positionsShared explorationLock speedFull tech treeHidden civsTurbo modeCheats
Victory
Defeat
🇦🇺 Celts · Australia
309
+19
🇹🇷 Franks · Türkiye
383
-19
warwick
3:03 Loom
10:37 Feudal Age
18:27 Double-Bit Axe
18:25 Horse Collar
24:42 Castle Age
23:19 Wheelbarrow
23:07 Stone Mining
22:40 Man-at-Arms
24:10 Gold Mining
24:27 Scale Mail Armor
25:25 Forging
25:07 Fletching
28:30 Murder Holes
28:09 Long Swordsman
28:34 Arson
28:10 Pikeman
33:04 Gambesons
34:39 Iron Casting
36:55 Town Watch
38:18 Elite Skirmisher
40:53 Masonry
41:06 Ballistics
41:05 Chain Mail Armor
40:46 Bodkin Arrow
50:31 Imperial Age
52:04 Capped Ram
55:12 Fortified Wall
55:09 Siege Engineers
55:19 Siege Ram
harun4478
13:18 Feudal Age
20:04 Forging
19:47 Gold Mining
26:14 Castle Age
26:33 Scale Barding Armor
26:31 Scale Mail Armor
28:12 Husbandry
33:28 Iron Casting
35:12 Stone Mining
35:47 Elite Skirmisher
43:36 Imperial Age
43:19 Gold Shaft Mining
43:07 Chain Barding Armor
43:03 Chain Mail Armor
45:05 Cavalier
48:10 Elite Throwing Axeman
50:20 Paladin
Connection lost

Rejoining the realm…

Still unreachable

The connection could not be restored.

Session expired

The server has moved on; the page needs a fresh start.